 Dungeon Crawl Stone Soup version 0.26.1-2-gb8aa6d0 (webtiles) character file.

Game seed: 171331726174608604

739 catcat the Chopper (level 7, 0/78 HPs)
             Began as an Ogre Berserker on Aug 13, 2022.
             Was a Priest of Trog.
             Shot with an arrow by a centaur (7 damage)
             ... on level 5 of the Dungeon.
             The game lasted 00:09:15 (5569 turns).

catcat the Chopper (Ogre Berserker)                 Turns: 5569, Time: 00:09:17

Health: 0/78       AC:  3    Str: 24    XL:     7   Next: 75%
Magic:  0/7        EV: 10    Int:  8    God:    Trog [***...]
Gold:   287        SH:  0    Dex:  8    Spells: 6/6 levels left

rFire    . . .     SeeInvis .   a - +0 hand axe
rCold    . . .     Faith    .   (no shield)
rNeg     . . .     Spirit   +   b - +0 animal skin
rPois    .         Reflect  .   (helmet restricted)
rElec    .         Harm     .   (no cloak)
rCorr    .         Rampage  .   (gloves unavailable)
Will     +....                  (boots unavailable)
Stlth    ++........             w - amulet of guardian spirit
HPRegen  0.23/turn              d - ring of willpower
MPRegen  0.10/turn              o - ring of stealth

@: no status effects
A: large, unfitting armour, tough skin 1
a: Renounce Religion, Berserk, Trog's Hand


You were on level 5 of the Dungeon.
You worshipped Trog.
Trog was most pleased with you.
You visited 1 branch of the dungeon, and saw 5 of its levels.

You collected 287 gold pieces.

Inventory:

Hand Weapons
 a - a +0 hand axe (weapon)
 u - a +0 flail
Missiles
 j - 9 poisoned darts (quivered)
 q - 2 boomerangs
Armour
 b - a +0 animal skin (worn)
Jewellery
 d - a ring of willpower (left hand)
 o - a ring of stealth (right hand)
 w - an amulet of guardian spirit (around neck)
Wands
 t - a wand of iceblast (5)
Scrolls
 f - 2 scrolls of enchant weapon {unknown}
 k - 4 scrolls of teleportation
 m - a scroll of random uselessness {unknown}
 r - a scroll of magic mapping {unknown}
 x - a scroll of remove curse {unknown}
Potions
 c - 2 potions of curing
 e - a potion of ambrosia
 g - a potion of attraction {unknown}
 h - a potion of mutation
 i - 2 potions of cancellation
 l - a potion of flight
 n - a potion of haste
 p - a potion of heal wounds
 s - 2 potions of degeneration
 v - a potion of magic
 z - a potion of berserk rage {unknown}


   Skills:
 - Level 7.0 Fighting
 * Level 7.5 Axes
 + Level 3.1 Dodging


You had 6 spell levels left.
You didn't know any spells.
Your spell library was empty.

Dungeon Overview and Level Annotations

Branches:
Dungeon (5/15)
 Temple: D:4-7

Altars:
Sif Muna
Uskayaw
Vehumet

Annotations:
D:4 2 transporters, SuisLittleHoshiymin's ghost, amateur OpVM


Innate Abilities, Weirdness & Mutations

You are too large for most types of armour.
You have tough skin. (AC +1)


Message History

The centaur shoots an arrow.
The arrow hits you.
The centaur hits you but does no damage.
You barely miss the centaur.
The centaur is severely wounded.
The centaur shoots an arrow.
The arrow completely misses you. The centaur hits you!
The centaur hits you but does no damage.
The centaur shoots an arrow.
The arrow hits you!
* * * LOW HITPOINT WARNING * * *
You see here an arrow.
The centaur wields a +0 shortbow.
The centaur shoots an arrow.
The arrow barely misses you.
There is a stone staircase leading up here.
The centaur shoots an arrow.
The arrow barely misses you.
The centaur shoots an arrow.
The arrow hits you!
* * * LOW HITPOINT WARNING * * *
The centaur shoots an arrow.
The arrow hits you!
* * * LOW HITPOINT WARNING * * *
The centaur shoots an arrow.
The arrow hits you!
You die...

###........
..........
.#(.......
#.........
#.........
##.........
#....$.....
#..@.......
#..(.......
#..c.......
#.......>..
#...........
#...........
.........(...
##...........c
##...........


You could see 2 centaurs.

Vanquished Creatures
  An ogre (D:4)
  Blork the orc (D:4)
  A bullfrog (D:4)
  A scorpion (D:4)
  A jelly (D:4)
  A hound (D:4)
  Ijyb (D:3)
  Terence (D:2)
  2 iguanas
  Natasha (thrice) (D:2)
  A worker ant (D:4)
  Robin (D:2)
  3 adders
  6 gnolls (D:3)
  A white imp (D:4)
  An ooze (D:2)
  An adder skeleton (D:4)
  3 worms
  2 dart slugs
  3 leopard geckos
  5 orcs (D:3)
  4 ball pythons
  7 bats
  4 giant cockroaches
  8 hobgoblins
  6 jackals (D:4)
  6 frilled lizards
  18 goblins
  7 kobolds
  7 rats
107 creatures vanquished.

Vanquished Creatures (others)
  A centaur skeleton (D:4)
  A plant (D:1)
2 creatures vanquished.

Grand Total: 109 creatures vanquished

Notes
Turn   | Place    | Note
-------+----------+-------------------------------------------
     0 | D:1      | catcat the Ogre Berserker began the quest for the Orb.
     0 | D:1      | Reached XP level 1. HP: 24/24 MP: 1/1
   375 | D:1      | Reached XP level 2. HP: 29/32 MP: 2/2
   659 | D:1      | You fall into a shaft and drop 1 floor!
   703 | D:2      | Reached XP level 3. HP: 24/40 MP: 3/3
  1088 | D:2      | Noticed Terence
  1102 | D:2      | Killed Terence
  1103 | D:2      | Reached XP level 4. HP: 49/49 MP: 4/4
  1227 | D:2      | Reached ** piety under Trog
  1319 | D:2      | Noticed Robin
  1323 | D:2      | Reached skill level 5 in Fighting
  1330 | D:2      | Killed Robin
  1590 | D:2      | Noticed Natasha
  1605 | D:2      | Killed Natasha
  1606 | D:2      | Reached XP level 5. HP: 57/57 MP: 5/5
  1737 | D:2      | Noticed Natasha
  1750 | D:2      | Killed Natasha
  1751 | D:2      | Reached skill level 5 in Axes
  2571 | D:2      | Noticed Natasha
  2582 | D:2      | Killed Natasha
  3033 | D:3      | Reached XP level 6. HP: 67/67 MP: 6/6
  3821 | D:3      | Noticed Ijyb
  3831 | D:3      | Killed Ijyb
  3831 | D:3      | Reached *** piety under Trog
  4347 | D:4      | Found a shimmering blue altar of Sif Muna.
  4348 | D:4      | Noticed Blork the orc
  4362 | D:4      | Killed Blork the orc
  4505 | D:4      | Noticed SuisLittleHoshiymin's ghost (amateur OpVM)
  4592 | D:4      | Reached XP level 7. HP: 76/76 MP: 5/7
  4653 | D:4      | Found a radiant altar of Vehumet.
  4770 | D:4      | Found a hide-covered altar of Uskayaw.
  5416 | D:4      | Found a transporter.
  5419 | D:4      | Found a transporter.
  5558 | D:5      | Entered Level 5 of the Dungeon
  5569 | D:5      | Shot with an arrow by a centaur

Illustrated notes

Levels and vault maps discovered:
D:1:      scummos_arrival_simple_fountains, layout_loops_corners,
          serial_bayou_pond_b, corexii_corridor_pit
D:2:      layout_rooms, uniq_terence, uniq_robin, uniq_natasha
D:3:      layout_basic, uniq_ijyb
D:4:      layout_loops_ring, fiery_altar_vehumet, old_standard_altar,
          general_overflow_altar, gammafunk_ghost_arena, minivault_1,
          uniq_blork_the_orc
D:5:      layout_layer_cave, nicolae_qazlal_eye_of_the_storm,
          lemuel_crystal_altar, uniq_pikel

Skill      XL: |  1  2  3  4  5  6  7 |
---------------+----------------------+-----
Axes           | 4 5 6 7 |  7.5
Fighting       | 5 6 7 |  7.0
Dodging        | 3 |  3.1

Action                   |  1- 3 |  4- 6 |  7- 9 || total
-------------------------+-------+-------+-------++-------
Melee: Hand axe          |    74 |   248 |    60 ||   382
Throw: Dart              |       |     4 |     1 ||     5
Invok: Berserk           |     1 |    11 |     3 ||    15
  Use: Scroll            |       |       |    10 ||    10
 Stab: Sleeping          |       |     2 |     1 ||     3
Armor: Animal skin       |    24 |    45 |    16 ||    85
Dodge: Dodged            |    35 |   115 |    31 ||   181
